 Dungeon Sprint DCSS version 0.22.1-1-ga44c0e5 (webtiles) character file.

134 HoaS the Skirmisher (level 5, 36/36 HPs)
             Began as a Gargoyle Berserker on Oct 17, 2018.
             Was an Elder of Trog.
             Quit the game in the Dungeon (Sprint IX: "|||||||||||||||||||||||||||||").
             The game lasted 00:02:00 (434 turns).

HoaS the Skirmisher (Gargoyle Berserker)             Turns: 434, Time: 00:02:00

Health: 36/36      AC: 15    Str: 22    XL:     5   Next: 17%
Magic:  5/5        EV: 14    Int:  7    God:    Trog [****..]
Gold:   0          SH:  0    Dex:  9    Spells: 4/4 levels left

rFire    . . .     SeeInvis .     - Unarmed
rCold    . . .     Gourm    .   (no shield)
rNeg     + . .     Faith    .   n - +2 ring mail
rPois    ∞         Spirit   .   m - +0 helmet
rElec    +         Reflect  .   (no cloak)
rCorr    .         Harm     .   (no gloves)
MR       .....     NoTele   +   (no boots)
Stlth    ..........             (no amulet)
HPRegen  0.12/turn              a - +2 ring of protection
MPRegen  0.09/turn              i - +2 ring of evasion

@: no status effects
A: negative energy resistance 1, electricity resistance, unbreathing,
petrification resistance, rot immunity, AC +4
a: Berserk, Trog's Hand, Brothers in Arms, Renounce Religion


You were in the Dungeon.
You worshipped Trog.
Trog was greatly pleased with you.
You were not hungry.

You visited 1 branch

Inventory:

Armour
 m - a +0 helmet (worn)
 n - a +2 ring mail (worn)
Jewellery
 a - a +2 ring of protection (left hand)
 i - a +2 ring of evasion (right hand)
Wands
 l - a wand of iceblast (10)
Scrolls
 h - 2 scrolls of blinking
 k - 3 scrolls of remove curse
Potions
 c - 5 potions of curing
 d - 3 potions of heal wounds
 e - a potion of haste
 f - 4 potions of magic
 g - a potion of berserk rage
 j - a potion of invisibility
Comestibles
 b - a ration


   Skills:
 + Level 6.3 Fighting
 + Level 5.7 Armour
 + Level 4.3 Dodging
 + Level 5.7 Unarmed Combat


You had 4 spell levels left.
You didn't know any spells.
Your spell library was empty.

Dungeon Overview and Level Annotations

Branches:
Dungeon (1/1)

Altars:
Cheibriados
Dithmenos
Elyvilon
Fedhas
Gozag
Hepliaklqana
Kikubaaqudgha
Makhleb
Nemelex Xobeh
Okawaru
Qazlal
Ru
Sif Muna
Trog
Uskayaw
Vehumet
Wu Jian
Xom
Yredelemnul
Zin
The Shining One
Beogh
Jiyva
Lugonu


Innate Abilities, Weirdness & Mutations

You are resistant to torment.
Your stone body is resilient. (AC +4)
You are immune to poison.
You resist negative energy. (rN+)
You are resistant to electric shocks. (rElec)
You can survive without breathing.
You are immune to petrification.
You are immune to rotting.


Message History

You see here a +2 ring mail.
n - a +2 ring mail Wear which item? (? for menu, Esc to quit)
You start removing your armour.
You continue taking off your +0 animal skin.
All of the chunks of flesh in your inventory have rotted away.
You continue taking off your +0 animal skin. x3
You finish taking off your +0 animal skin.
You start putting on your armour.
You continue putting on your +2 ring mail. x5
You finish putting on your +2 ring mail.
Drop what? 13/52 slots (_ for help) (? for menu, Esc to quit)
You drop a +0 animal skin.
a - a +2 ring of protection
i - a +2 ring of evasion Put on which piece of jewellery? (? for menu, Esc to quit)
a - a +2 ring of protection (left hand) Put on which piece of jewellery? (? for menu, Esc to quit)
i - a +2 ring of evasion (right hand) Are you sure you want to abandon this character and quit the game? (Confirm

▓+▓
▓@▓
▓.▓
▓[▓
▓.▓
▓[▓
▓)▓
▓|▓
▓?▓
▓.▓


There were no monsters in sight!

Vanquished Creatures
  A centaur (D)
  A crimson imp (D)
  An adder (D)
  A dart slug (D)
  An orc (D)
  A bat zombie (D)
  A hobgoblin (D)
  A bat (D)
  A kobold (D)
  A rat (D)
10 creatures vanquished.

Vanquished Creatures (others)
  A spatial maelstrom (D)
1 creature vanquished.

Grand Total: 11 creatures vanquished

Notes
Turn   | Place    | Note
-------+----------+-------------------------------------------
     0 | D        | HoaS the Gargoyle Berserker began the quest for the Orb.
     0 | D        | Reached XP level 1. HP: 14/14 MP: 1/1
     3 | D        | Banished a spatial maelstrom
    10 | D        | Reached ** piety under Trog
   171 | D        | Noticed a crimson imp
   171 | D        | Noticed a centaur
   181 | D        | Reached XP level 2. HP: 20/20 MP: 2/2
   188 | D        | Killed a centaur
   188 | D        | Reached *** piety under Trog
   188 | D        | Reached skill level 5 in Fighting
   188 | D        | Reached skill level 5 in Armour
   188 | D        | Reached skill level 5 in Unarmed Combat
   188 | D        | Reached XP level 3. HP: 18/27 MP: 3/3
   188 | D        | Reached XP level 4. HP: 22/32 MP: 4/4
   193 | D        | Reached skill level 6 in Fighting
   193 | D        | Reached XP level 5. HP: 26/36 MP: 5/5
   204 | D        | Reached **** piety under Trog
   372 | D        | Found a roughly hewn altar of Beogh.
   372 | D        | Found a snail-covered altar of Cheibriados.
   372 | D        | Found a shadowy altar of Dithmenos.
   372 | D        | Found a white marble altar of Elyvilon.
   372 | D        | Found a blossoming altar of Fedhas.
   372 | D        | Found an opulent altar of Gozag.
   373 | D        | Found a hazy altar of Hepliaklqana.
   374 | D        | Found a viscous altar of Jiyva.
   375 | D        | Found an ancient bone altar of Kikubaaqudgha.
   376 | D        | Found a corrupted altar of Lugonu.
   377 | D        | Found a burning altar of Makhleb.
   378 | D        | Found a sparkling altar of Nemelex Xobeh.
   379 | D        | Found an iron altar of Okawaru.
   380 | D        | Found a stormy altar of Qazlal.
   381 | D        | Found a sacrificial altar of Ru.
   382 | D        | Found a deep blue altar of Sif Muna.
   383 | D        | Found a bloodstained altar of Trog.
   384 | D        | Found a hide-covered altar of Uskayaw.
   385 | D        | Found a radiant altar of Vehumet.
   386 | D        | Found an ornate altar of the Wu Jian Council.
   387 | D        | Found a shimmering altar of Xom.
   388 | D        | Found a basalt altar of Yredelemnul.
   389 | D        | Found a glowing silver altar of Zin.
   390 | D        | Found a glowing golden altar of the Shining One.
   434 | D        | Quit the game

Skill      XL: |  1  2  3  4 |
---------------+-------------+-----
Dodging        | 2 3 4 |  4.3
Armour         | 3 5 |  5.7
Fighting       | 5 6 |  6.3
Unarmed Combat | 5 |  5.7

Action                   |  1- 3 |  4- 6 || total
-------------------------+-------+-------++-------
Melee: Unarmed           |    31 |    15 ||    46
Invok: Berserk           |     1 |       ||     1
Armor: Animal skin       |     5 |     6 ||    11
Dodge: Dodged            |    16 |     9 ||    25
